 Dungeon Sprint DCSS version 0.19.1 (webtiles) character file.

10300000 Groucho the Intangible (level 27, -4/249 HPs)
             Began as a Demonspawn Gladiator on Nov 29, 2016.
             Was the Champion of Makhleb.
             Slain by The Defiler
             ... wielding a +9 demon whip of slashing
              (9 damage)
             ... in the Dungeon (Sprint VIII: "Arena of Blood").
             The game lasted 00:03:20 (103 turns).

Groucho the Intangible (Demonspawn Gladiator)        Turns: 103, Time: 00:03:20

Health: -4/249     AC: 20    Str: 16    XL:     27
Magic:  39/54      EV: 36    Int: 12    God:    Makhleb [******]
Gold:   0          SH:  0    Dex: 24    Spells: 0 memorised, 80 levels left

rFire  + . .     SeeInvis .     l - +∞ Axe of Woe
rCold  . . .     Gourm    .     b - +0 leather armour
rNeg   + . .     Faith    .     (shield currently unavailable)
rPois  .         Spirit   .     c - +0 helmet
rElec  .         Reflect  .     (no cloak)
rCorr  .         Harm     .     (no gloves)
MR     ++...     NoTele   +     (boots unavailable)
Stlth  +++++++++.               (no amulet)
                                (no ring)
                                (no ring)

@: sanguine armour
A: hooves 3, fire resistance 1, ignite blood, negative energy resistance 1,
spiny 3, 50% torment resistance, black mark, flame cloud immunity, sanguine
armour 3
a: Minor Destruction, Lesser Servant of Makhleb, Major Destruction, Greater
Servant of Makhleb, Renounce Religion


You were in the Dungeon.
You worshipped Makhleb.
Makhleb was exalted by your worship.
You were not hungry.

You visited 1 branch

Inventory:

Hand Weapons
 a - a +0 war axe
 l - the +∞ Axe of Woe (weapon)
   (You found it in the Dungeon)
Missiles
 d - 3 throwing nets (quivered)
Armour
 b - a +0 leather armour (worn)
 c - a +0 helmet (worn)
Scrolls
 k - a scroll of blinking
Potions
 e - a potion of curing
 h - a potion of haste
 i - 2 potions of magic
 j - a potion of berserk rage
Comestibles
 f - a bread ration


   Skills:
 O Level 27 Fighting
 O Level 27 Axes
 O Level 27 Throwing
 O Level 27 Armour
 O Level 27 Dodging
 O Level 27 Stealth
 O Level 27 Unarmed Combat
 O Level 27 Spellcasting
 O Level 27 Invocations


You had 80 spell levels left.
You didn't know any spells.

Dungeon Overview and Level Annotations

Branches:
Dungeon (1/1)

Altars:
Makhleb

Annotations:
D The Defiler


Innate Abilities, Weirdness & Mutations

You have hooves in place of feet.
Your flesh is heat resistant. (rF+)
Your demonic aura causes spilled blood to erupt in flames.
You resist negative energy. (rN+)
You are completely covered in sharp spines.
You are somewhat able to resist unholy torments (1 in 2 success).
Your melee attacks may debilitate your foes.
You are immune to clouds of flame.
When seriously injured, your bleeding wounds create very thick armour. (AC +12)


Message History

You pulverise the meat berserker into a thin bloody mist.
You kill the meat berserker!
Makhleb accepts your kill.
You hear a shout! x3; You feel something staring at you.
A bolt of fire appears from out of thin air!
The bolt of fire misses you.
You hear a shout! x3
The meat berserker rages.
The meat berserker moves out of view.
You hear a shout!
You hear a shout! x3; You feel something staring at you.
Something smites you!
You hear a shout!
The meat berserker rages.
You hear a shout! x5
The Defiler hits you with a +9 demon whip of slashing!!!!!
Ouch! That really hurt!
* * * LOW HITPOINT WARNING * * *
Your blood congeals into armour.
You die...

... ..... #M%
....# . #%. ...#
.. ..###..
...###...
....%.###%.......
.....O._).†......
#)).)§# ....
#_§§§_# .....
..#)§§@@#......
..%.%.§§§)).%....
..%...###).......
..###.. .o.###...
. #.. ....# ..
#.......#
.....C...
...........
..........


You could see an accursed (wandering), The Defiler, a meat berserker (berserk)
and a bag of meat.

Vanquished Creatures
  2 hell beasts (D)
  A greater mummy (D)
  2 great orbs of eyes (D)
  4 wraiths (D)
  17 vampire knights (D)
  23 ogres (D)
  5 liches (D)
  2 hydras (D)
  38 orcs (D)
  3 phantoms (D)
  4 hill giants (D)
  4 skeletal warriors (D)
  A large abomination (D)
  3 small abominations (D)
  17 crawling corpses (D)
126 creatures vanquished.

Vanquished Creatures (others)
  6 crawling corpses (D)
6 creatures vanquished.

Grand Total: 132 creatures vanquished

Notes
Turn   | Place    | Note
-------+----------+-------------------------------------------
     0 | D        | Groucho the Demonspawn Gladiator began the quest for the Orb.
     0 | D        | Reached XP level 1. HP: 16/16 MP: 1/1
     3 | D        | Noticed a bag of meat
     3 | D        | Noticed a bag of meat
     3 | D        | Noticed a bag of meat
     4 | D        | Noticed a bag of meat
     4 | D        | Became a worshipper of Makhleb the Destroyer
     6 | D        | Noticed a bag of meat
     6 | D        | Noticed a meat berserker
     6 | D        | Killed a bag of meat
     6 | D        | Gained mutation: You have large cloven feet. [demonic ancestry]
     6 | D        | Reached XP level 2. HP: 22/22 MP: 2/2
     6 | D        | Reached XP level 3. HP: 27/27 MP: 3/3
     6 | D        | Reached XP level 4. HP: 33/33 MP: 4/4
     6 | D        | Gained mutation: You have hoof-like feet. [demonic ancestry]
     6 | D        | Reached XP level 5. HP: 38/38 MP: 5/5
     6 | D        | Gained mutation: When seriously injured, your bleeding wounds create armour. (AC +12) [demonic ancestry]
     6 | D        | Reached XP level 6. HP: 44/44 MP: 6/6
     6 | D        | Reached XP level 7. HP: 50/50 MP: 7/7
     6 | D        | Reached XP level 8. HP: 56/56 MP: 8/8
     6 | D        | Gained mutation: You are partially covered in sharp spines. [demonic ancestry]
     6 | D        | Reached XP level 9. HP: 61/61 MP: 9/9
     6 | D        | Reached XP level 10. HP: 67/67 MP: 10/10
     6 | D        | Gained mutation: Your flesh is heat resistant. (rF+) [demonic ancestry]
     6 | D        | Reached XP level 11. HP: 72/72 MP: 11/11
     7 | D        | Noticed a bag of meat
     8 | D        | Noticed a bag of meat
     8 | D        | Noticed a bag of meat
     8 | D        | Killed a bag of meat
     8 | D        | Reached * piety under Makhleb
     8 | D        | Gained mutation: When seriously injured, your bleeding wounds create thick armour. (AC +12) [demonic ancestry]
     8 | D        | Reached XP level 12. HP: 78/78 MP: 12/12
     8 | D        | Killed a bag of meat
     8 | D        | Reached XP level 13. HP: 83/83 MP: 13/13
     9 | D        | Noticed a meat berserker
     9 | D        | Killed a meat berserker
     9 | D        | Reached XP level 14. HP: 90/90 MP: 14/14
     9 | D        | Killed a bag of meat
     9 | D        | Reached ** piety under Makhleb
     9 | D        | Gained mutation: You have hooves in place of feet. [demonic ancestry]
     9 | D        | Reached XP level 15. HP: 95/95 MP: 15/15
    13 | D        | Noticed a meat berserker
    14 | D        | Killed a meat berserker
    14 | D        | Reached skill level 27 in Axes
    14 | D        | Reached skill level 27 in Dodging
    14 | D        | Gained mutation: You are immune to clouds of flame. [demonic ancestry]
    14 | D        | Reached XP level 16. HP: 83/148 MP: 16/16
    14 | D        | Reached *** piety under Makhleb
    15 | D        | Noticed a meat berserker
    16 | D        | Noticed a meat berserker
    16 | D        | Reached skill level 27 in Fighting
    16 | D        | Gained mutation: When seriously injured, your bleeding wounds create very thick armour. (AC +12) [demonic ancestry]
    16 | D        | Reached XP level 17. HP: 174/174 MP: 17/17
    17 | D        | Noticed a meat berserker
    18 | D        | Reached **** piety under Makhleb
    19 | D        | Killed a meat berserker
    20 | D        | Noticed a meat berserker
    20 | D        | Gained mutation: You resist negative energy. (rN+) [demonic ancestry]
    20 | D        | Reached XP level 18. HP: 182/182 MP: 18/18
    21 | D        | Killed a meat berserker
    22 | D        | Noticed a destroyer
    22 | D        | Noticed a destroyer
    23 | D        | Killed a meat berserker
    23 | D        | Gained mutation: Your demonic aura causes spilled blood to erupt in flames. [demonic ancestry]
    23 | D        | Reached XP level 19. HP: 127/189 MP: 19/19
    23 | D        | Reached ***** piety under Makhleb
    23 | D        | Killed a meat berserker
    23 | D        | Reached skill level 27 in Armour
    23 | D        | Reached skill level 27 in Unarmed Combat
    23 | D        | Reached skill level 5 in Throwing
    23 | D        | Reached skill level 5 in Spellcasting
    25 | D        | Noticed a destroyer
    26 | D        | Noticed a destroyer
    26 | D        | Gained mutation: You are mostly covered in sharp spines. [demonic ancestry]
    26 | D        | Reached XP level 20. HP: 197/197 MP: 19/38
    26 | D        | Killed a destroyer
    27 | D        | Noticed a destroyer
    27 | D        | Noticed a destroyer
    27 | D        | Killed a meat berserker
    27 | D        | Killed a destroyer
    27 | D        | Reached ****** piety under Makhleb
    27 | D        | Reached skill level 27 in Invocations
    27 | D        | Gained mutation: You are completely covered in sharp spines. [demonic ancestry]
    27 | D        | Reached XP level 21. HP: 204/204 MP: 19/49
    28 | D        | Noticed a destroyer
    29 | D        | Killed a destroyer
    30 | D        | Killed a destroyer
    30 | D        | Reached skill level 27 in Throwing
    30 | D        | Reached skill level 27 in Spellcasting
    30 | D        | Reached XP level 22. HP: 212/212 MP: 20/53
    33 | D        | Noticed a destroyer
    33 | D        | Killed a destroyer
    33 | D        | Reached skill level 27 in Stealth
    34 | D        | Killed a destroyer
    34 | D        | Gained mutation: You are somewhat able to resist unholy torments (1 in 2 success). [demonic ancestry]
    34 | D        | Reached XP level 23. HP: 219/219 MP: 21/54
    35 | D        | Killed a destroyer
    38 | D        | Reached XP level 24. HP: 227/227 MP: 22/54
    39 | D        | Killed a destroyer
    44 | D        | Reached XP level 25. HP: 234/234 MP: 24/54
    46 | D        | Noticed a destroyer
    46 | D        | Noticed a destroyer
    48 | D        | Gained mutation: Your melee attacks may debilitate your foes. [demonic ancestry]
    48 | D        | Reached XP level 26. HP: 242/242 MP: 25/54
    49 | D        | Killed a destroyer
    50 | D        | Noticed a tyrant
    50 | D        | Noticed a destroyer
    53 | D        | Noticed a tyrant
    55 | D        | Reached XP level 27. HP: 249/249 MP: 26/54
    55 | D        | Killed a destroyer
    56 | D        | Killed a tyrant
    57 | D        | Noticed a destroyer
    57 | D        | Noticed a tyrant
    57 | D        | Killed a destroyer
    60 | D        | Killed a tyrant
    61 | D        | Noticed a destroyer
    62 | D        | Killed a destroyer
    66 | D        | Killed a destroyer
    67 | D        | Noticed a meat beast
    67 | D        | Noticed a destroyer
    68 | D        | Killed a meat beast
    70 | D        | Noticed an accursed
    70 | D        | Noticed a tyrant
    74 | D        | Noticed a destroyer
    74 | D        | Noticed a dread
    75 | D        | Killed a destroyer
    76 | D        | HP: 4/249 [meat berserker/+9 battleaxe (68)]
    77 | D        | Killed a tyrant
    78 | D        | Noticed a meat beast
    79 | D        | Killed a tyrant
    80 | D        | Noticed a destroyer
    81 | D        | Noticed a dread
    81 | D        | Noticed a dread
    83 | D        | Killed a destroyer
    84 | D        | Noticed a destroyer
    85 | D        | Killed a meat beast
    85 | D        | Killed a dread
    86 | D        | Killed a destroyer
    87 | D        | Noticed a dread
    88 | D        | Killed an accursed
    90 | D        | Killed a destroyer
    93 | D        | Noticed a tyrant
    93 | D        | Killed a dread
    97 | D        | HP: 9/249 [something/fireball (22)]
    98 | D        | Killed a dread
    98 | D        | Killed a dread
   101 | D        | Noticed The Defiler
   102 | D        | Killed a tyrant
   103 | D        | HP: 5/249 [The Defiler/+9 demon whip of slashing (207)]
   103 | D        | Slain by The Defiler

Skill      XL: |  1  2  3  4  5  6  7  8  9 10 11 12 13 14 15 16 17 18 19 20 21 22 |
---------------+-------------------------------------------------------------------+-----
Axes           | 18 20 22 25 26 27 | 27.0
Dodging        | 18 20 22 25 26 27 | 27.0
Fighting       | 19 27 | 27.0
Armour         | 6 18 24 27 | 27.0
Unarmed Combat | 6 18 24 27 | 27.0
Throwing       | 14 24 27 | 27.0
Spellcasting   | 14 24 27 | 27.0
Invocations    | 19 27 | 27.0
Stealth        | 21 27 | 27.0

Action                   |  1- 3 |  4- 6 |  7- 9 | 10-12 | 13-15 | 16-18 | 19-21 | 22-24 | 25-27 || total
-------------------------+-------+-------+-------+-------+-------+-------+-------+-------+-------++-------
Melee: Executioner's axe |     1 |       |       |     1 |     3 |     7 |     5 |    11 |    45 ||    73
  Use: Potion            |       |       |       |       |       |       |       |       |     1 ||     1
Armor: Leather armour    |       |       |       |       |       |       |       |       |     4 ||     4
Dodge: Dodged            |       |       |       |       |       |       |     1 |     1 |     9 ||    11
